 Dungeon Crawl Stone Soup version 0.29.1-13-g9f3cf754e1 (webtiles) character file.

Game seed: 17793614584060950389

44 Priul the Grave Robber (level 3, -9/19 HPs)
             Began as a Deep Elf Necromancer on Feb 8, 2023.
             Killed by an exploding goblin (17 damage)
             ... ignited by their inner flame
             ... on level 2 of the Dungeon.
             The game lasted 00:07:23 (1386 turns).

Priul the Grave Robber (Deep Elf Necromancer)       Turns: 1386, Time: 00:07:24

Health: -9/19      AC:  4    Str:  5    XL:     3   Next: 41%
Magic:  1/10       EV: 12    Int: 21    God:
Gold:   167        SH:  0    Dex: 15    Spells: 4/9 levels left

rFire   + . .      SeeInvis .   (no weapon)
rCold   . . .      Faith    .   (no shield)
rNeg    . . .      Spirit   .   a - +0 robe
rPois   .          Reflect  .   (no helmet)
rElec   .          Harm     .   o - +0 cloak
rCorr   .          Rampage  .   j - +0 pair of gloves
Will    .....                   (no boots)
Stlth   ++........              (no amulet)
HPRegen 0.06/turn               e - ring of protection from fire
MPRegen 0.12/turn               (no ring)

@: about to teleport
A: no striking features
a: no special abilities


You were on level 2 of the Dungeon.
You visited 1 branch of the dungeon, and saw 2 of its levels.

You collected 167 gold pieces.

Inventory:

Missiles
 f - 4 boomerangs (quivered)
 l - 3 poisoned darts
Armour
 a - a +0 robe (worn)
 j - a +0 pair of gloves (worn)
 o - a +0 cloak (worn)
Jewellery
 e - a ring of protection from fire (left hand)
Scrolls
 d - a scroll of acquirement
 k - a scroll of amnesia
Potions
 b - a potion of magic
 c - a potion of degeneration {unknown}
 g - a potion of curing {unknown}
 h - a potion of flight {unknown}


   Skills:
 + Level 0.1 Fighting
 + Level 0.1 Polearms
 + Level 2.5 Dodging
 + Level 2.6 Stealth
 + Level 3.5 Spellcasting
 + Level 5.9 Necromancy


You had 4 spell levels left.
You knew the following spells:

 Your Spells              Type           Power      Damage    Failure   Level
a - Necrotise             Necr           100%       1d9       1%          1
b - Vampiric Draining     Necr           28%        2d8       3%          3
c - Freeze                Ice            12%        1d4       13%         1

Your spell library contained the following spells:

 Spells                   Type           Power      Damage    Failure   Level
 Animate Dead             Necr           28%        N/A       11%         4
 Frozen Ramparts          Ice            6%         1d1       36%         3
 Gell's Gravitas          Tloc           3%         N/A       36%         3
 Lesser Beckoning         Tloc           3%         N/A       36%         3
 Teleport Other           Tloc           3%         N/A       36%         3
 Hailstorm                Conj/Ice       3%         3d3       77%         4
 Agony                    Necr           28%        N/A       30%         5


Dungeon Overview and Level Annotations

Branches:
Dungeon (2/15)

Altars:


Message History

You swap places.
Your goblin skeleton hits the goblin.
The goblin hits your goblin skeleton with a +0 dagger.
The goblin barely misses you.
This is a scroll of acquirement!
Something appears at your feet! The goblin hits you but does no damage.
Your goblin skeleton closely misses the goblin.
As you read the scroll labelled FEITHR HAEGACIL, it crumbles to dust.
It is a scroll of identify.
k - a scroll of amnesia The goblin barely misses you. x2; Your goblin skeleton hits the goblin.
As you read the scroll labelled QIUCSOTHROSH, it crumbles to dust.
The creatures around you are filled with an inner flame!
It was a scroll of immolation.
The goblin hits you but does no damage. The goblin barely misses you.
Robin hits you from afar with a +0 trident.
The goblin hits you but does no damage.
As you read the scroll labelled LOVIUMITOLIBB, it crumbles to dust.
You feel strangely unstable.
It was a scroll of teleportation.
Your goblin skeleton closely misses the goblin.
The goblin hits you but does no damage. The goblin hits you with a +0 club.
The goblin hits you but does no damage.
Robin zaps a wand.
The puff of flame hits you. You resist. The goblin attacks as you move away!
The goblin barely misses you.
Your goblin skeleton barely misses the goblin.
The goblin barely misses you. The goblin attacks as you move away!
The goblin hits you with a +0 club. The goblin attacks as you move away!
The goblin barely misses you.
Your goblin skeleton hits the goblin.
Flame seeps out of the goblin.
The goblin is engulfed in blazing flames.
The goblin explodes!
The fiery explosion engulfs the goblin!!
The fiery explosion engulfs your goblin skeleton!!
The fiery explosion engulfs Robin!!
Robin explodes!
The fiery explosion engulfs the goblin!!
The fiery explosion engulfs the hobgoblin!!
The hobgoblin explodes!
The goblin explodes!
The fiery explosion engulfs you! You resist.
Ouch! That really hurt!
You die...

.##..##..##.# ##+##
.##..##..##.# ##...##
....#..#....# ##.....##
...#....#...###.......## .
..#..##..#..##.........###....
.#...##...#..'..§§§.).)g....g.
#..........###..§○§§§g.###.ggg
#...####..## ##.§§§§§.## g
##........# ##@)§§§##
########.# ##.§.## #.# ##+##
#.# #.# #.# #.# ... #..


You could see a hobgoblin (strong) and a goblin (inner flame, strong).

Vanquished Creatures
  Robin (D:2)
  An adder (D:2)
  2 endoplasms (D:1)
  6 giant cockroaches
  9 goblins
  3 hobgoblins
  3 kobolds
  A quokka (D:2)
  2 ball pythons
  2 bats (D:1)
  A frilled lizard (D:1)
  4 rats (D:1)
35 creatures vanquished.

Vanquished Creatures (collateral kills)
  An endoplasm (D:1)
  A frilled lizard (D:1)
2 creatures vanquished.

Grand Total: 37 creatures vanquished

Notes
Turn   | Place    | Note
-------+----------+-------------------------------------------
     0 | D:1      | Priul the Deep Elf Necromancer began the quest for the Orb.
     0 | D:1      | Reached XP level 1. HP: 10/10 MP: 6/6
   109 | D:1      | Reached skill level 5 in Necromancy
   206 | D:1      | Reached XP level 2. HP: 15/15 MP: 6/8
   227 | D:1      | Found a faded altar of an unknown god.
  1101 | D:2      | Reached XP level 3. HP: 17/19 MP: 3/9
  1105 | D:2      | Learned a level 3 spell: Vampiric Draining
  1114 | D:2      | Learned a level 1 spell: Freeze
  1372 | D:2      | Noticed Robin
  1381 | D:2      | Identified 2 scrolls of acquirement
  1381 | D:2      | Acquired a ring of the Octopus King {HP+2 MP+9 AC+2 EV+2
                  | SH+2}
  1381 | D:2      | Found the ring of the Octopus King {HP+2 MP+9 AC+2 EV+2
                  | SH+2}
  1386 | D:2      | Killed Robin
  1386 | D:2      | Killed by an exploding goblin... ignited by their inner
                  | flame

Illustrated notes

Levels and vault maps discovered:
D:1:      tarquinn_simple_flora_water_d, layout_loops_ring,
          hellmonk_ecumenical_altar_slurped_away
D:2:      layout_loops_corners, basic_altar, serial_bayou_pond_e, minivault_26,
          minivault_5, kennysheep_cluttered_room, minmay_misc_feat_square,
          uniq_jessica, uniq_robin

Skill      XL: |  1 |
---------------+----+-----
Necromancy     | 5 |  5.9
Fighting       | |  0.1
Polearms       | |  0.1
Dodging        | |  2.5
Stealth        | |  2.6
Spellcasting   | |  3.5

Action                   || total
-------------------------++-------
Melee: Spear             ||     9
 Cast: Necrotise         ||    54
  Use: Scroll            ||     4
Armor: Robe              ||    11
Dodge: Dodged            ||    17
